 Dungeon Crawl Stone Soup version 0.21.1-1-g345015fe64 (webtiles) character file.

84 Ingvold the Covered (level 4, -1/40 HPs)
             Began as a Minotaur Fighter on May 29, 2018.
             Killed by divine providence
             ... invoked by an orc priest
              (11 damage)
             ... on level 3 of the Dungeon.
             The game lasted 00:07:36 (1849 turns).

Ingvold the Covered (Minotaur Fighter)              Turns: 1849, Time: 00:07:37

Health: -1/40      AC:  8    Str: 27    XL:     4   Next: 23%
Magic:  3/3        EV:  7    Int:  5    God:
Gold:   121        SH: 10    Dex:  9    Spells: 3/3 levels left

rFire    . . .     SeeInvis +   a - +0 war axe
rCold    . . .     Gourm    .   c - +0 shield
rNeg     . . .     Faith    .   b - +0 scale mail
rPois    .         Spirit   .   (helmet restricted)
rElec    .         Reflect  .   (no cloak)
rCorr    .         Harm     .   (no gloves)
MR       .....                  o - +0 pair of boots
Stlth    ..........             (no amulet)
HPRegen  0.13/turn              r - +5 ring of strength
MPRegen  0.08/turn              s - ring of see invisible

@: no status effects
A: retaliatory headbutt, horns 2
a: no special abilities


You were on level 3 of the Dungeon.
You were not hungry.

You visited 1 branch of the dungeon, and saw 4 of its levels.

You collected 121 gold pieces.

Inventory:

Hand Weapons
 a - a +0 war axe (weapon)
Armour
 b - a +0 scale mail (worn)
 c - a +0 shield (worn)
 o - a +0 pair of boots (worn)
Jewellery
 r - a +5 ring of strength (left hand)
 s - a ring of see invisible (right hand)
Scrolls
 h - 5 scrolls of remove curse {unknown}
 i - a scroll of immolation {unknown}
 j - 3 scrolls of magic mapping {unknown}
 k - 2 scrolls of enchant armour {unknown}
 n - 3 scrolls of identify {unknown}
 p - a scroll of enchant weapon {unknown}
 q - 3 scrolls of teleportation {unknown}
Potions
 d - a potion of might
 e - 2 potions of curing {unknown}
 g - 2 potions of degeneration {unknown}
 l - a potion of flight {unknown}
 m - a potion of brilliance {unknown}
 t - a potion of cancellation {unknown}
 u - a potion of invisibility {unknown}
Comestibles
 f - 6 rations
 v - a chunk of flesh


   Skills:
 + Level 4.1 Fighting
 * Level 3.4 Axes
 * Level 4.5 Armour
 * Level 4.4 Shields


You had 3 spell levels left.
You didn't know any spells.

Dungeon Overview and Level Annotations

Branches:
Dungeon (4/15)
 Temple: D:4-7

Altars:
Gozag
Qazlal
Zin


Innate Abilities, Weirdness & Mutations

You reflexively headbutt those who attack you in melee.
You have a pair of horns on your head.


Message History

The orc priest hits you with a flail. The orc hits you but does no damage.
The rat twitches its whiskers.
The orc wizard barely misses you. You block the orc wizard's attack.
Your shield and scale mail prevent you from hitting the orc priest.
Your headbutt misses the orc priest.
The orc priest is heavily wounded.
You hit the orc.
You hit the orc wizard but do no damage.
You slash the orc wizard! You barely miss the rat.
The orc wizard hits you with a dagger.
The orc priest invokes the aid of Beogh against you.
Beogh smites you!
* * * LOW HITPOINT WARNING * * *
You block the orc's attack. The rat bites you but does no damage.
The orc wizard hits you but does no damage.
The orc wizard hits you with a dagger.
* * * LOW HITPOINT WARNING * * *
The orc priest mumbles some strange prayers to Beogh against you.
Beogh smites you!
You die...

..###.....# #....#.#
..........#####.##.#.#
_.........##....##...#
####
...........'....######
#... ..###.....##....# ..
#...
..#E#.....###+#.######...
#... ..###.....#
#.......... #... .##
####### #........!. #...
.# #o@o....... #... .##
#oor....... ###. ...#
##......... #. .#.#
.....(.... #. .#.#
....####... #. ## . ....#
### ##. .. . .....# #..
### .....# #.. #..


You could see an orc priest, 2 orc wizards, an orc and a rat.

Vanquished Creatures
  3 adders
  2 worms (D:2)
  2 dart slugs
  2 leopard geckos
  An orc (D:3)
  6 bats
  A giant cockroach (D:2)
  4 goblins
  6 hobgoblins
  5 kobolds
  A quokka (D:3)
  5 frilled lizards
  6 rats
44 creatures vanquished.

Notes
Turn   | Place    | Note
-------+----------+-------------------------------------------
     0 | D:1      | Ingvold the Minotaur Fighter began the quest for the Orb.
     0 | D:1      | Reached XP level 1. HP: 19/19 MP: 0/0
   148 | D:1      | Reached XP level 2. HP: 27/27 MP: 1/1
   653 | D:2      | Reached XP level 3. HP: 29/33 MP: 2/2
   663 | D:2      | Found an opulent altar of Gozag.
   969 | D:2      | Found a glowing silver altar of Zin.
  1486 | D:3      | Reached XP level 4. HP: 37/40 MP: 3/3
  1731 | D:3      | Noticed a water elemental
  1750 | D:3      | Found a stormy altar of Qazlal.
  1751 | D:3      | Noticed a fire elemental
  1751 | D:3      | Noticed an air elemental
  1751 | D:3      | Noticed an earth elemental
  1849 | D:3      | Killed from afar by an orc priest

Skill      XL: |  1  2 |
---------------+-------+-----
Armour         | 4 |  4.5
Shields        | 4 |  4.4
Fighting       | 4 |  4.1
Axes           | 3 |  3.4

Action                   |  1- 3 |  4- 6 || total
-------------------------+-------+-------++-------
Melee: War axe           |   107 |    17 ||   124
       Headbutt          |    14 |     2 ||    16
  Eat: Chunk             |     2 |     1 ||     3
Armor: Scale mail        |    46 |    11 ||    57
Dodge: Dodged            |    32 |     8 ||    40
Block: Shield            |    61 |    19 ||    80
